 Seeded DCSS version 0.27.1-34-g3ba077fa99 (webtiles) character file.

Game seed: 20220120 (custom seed)

30 knot the Skirmisher (level 3, 28/29 HPs)
             Began as a Demonspawn Berserker on Jan 18, 2022.
             Was a Follower of Trog.
             Quit the game on level 1 of the Dungeon.
             The game lasted 00:00:30 (868 turns).

knot the Skirmisher (Demonspawn Berserker)           Turns: 868, Time: 00:00:30

Health: 28/29      AC:  2    Str: 17    XL:     3   Next: 3%
Magic:  3/3        EV: 12    Int:  9    God:    Trog [*.....]
Gold:   18         SH:  0    Dex: 12    Spells: 2/2 levels left

rFire    . . .     SeeInvis .   a - +0 hand axe
rCold    . . .     Faith    .   (no shield)
rNeg     . . .     Spirit   .   b - +0 animal skin
rPois    .         Reflect  .   (no helmet)
rElec    .         Harm     .   (no cloak)
rCorr    .         Rampage  .   (no gloves)
Will     .....                  (no boots)
Stlth    +.........             (no amulet)
HPRegen  0.09/turn              (no ring)
MPRegen  0.16/turn              (no ring)

@: no status effects
A: talons 1, magic regeneration
a: Renounce Religion, Berserk


You were on level 1 of the Dungeon.
You worshipped Trog.
Trog was aware of your devotion.
You visited 1 branch of the dungeon, and saw 1 of its levels.

You collected 18 gold pieces.

Inventory:

Hand Weapons
 a - a +0 hand axe (weapon)
Armour
 b - a +0 animal skin (worn)


   Skills:
 + Level 3.3 Fighting
 + Level 3.3 Axes
 + Level 1.7 Armour
 + Level 1.9 Dodging
 + Level 0.7 Stealth


You had 2 spell levels left.
You didn't know any spells.
Your spell library was empty.

Dungeon Overview and Level Annotations

Branches:
Dungeon (1/15)

Altars:


Innate Abilities, Weirdness & Mutations

You have sharp toenails.
You regenerate magic rapidly.


Message History

There is an open door here.
There are monsters nearby!
You closely miss the jackal. The jackal closely misses you.
You closely miss the jackal. The jackal barely misses you.
You closely miss the jackal. The jackal closely misses you.
You hit the jackal but do no damage. The jackal completely misses you.
The jackal barely misses you.
You closely miss the jackal. The jackal barely misses you.
You hit the jackal but do no damage. The jackal barely misses you.
The jackal closely misses you.
You hit the jackal.
The jackal is severely wounded.
The jackal bites you but does no damage.
You miss the jackal.
The jackal is severely wounded.
The jackal closely misses you. x2
You closely miss the jackal.
The jackal is severely wounded.
The jackal misses you. The jackal barely misses you.
You closely miss the jackal.
The jackal is severely wounded.
The jackal closely misses you.
You closely miss the jackal.
The jackal is severely wounded.
The jackal bites you.
The jackal bites you but does no damage.
You hit the jackal.
You kill the jackal!
Trog accepts your kill.
The jackal bites you but does no damage.
You have reached level 3!
Your experience leads to an increase in your attributes!
Increase (S)trength, (I)ntelligence, or (D)exterity?
You feel clever.
Your demonic ancestry asserts itself...
Your toenails lengthen and sharpen.
You hit the jackal.
You kill the jackal!
Trog accepts your kill.
You see here a jackal corpse.
Are you sure you want to abandon this character and quit the game? (Confirm with "yes".)

######## #......#
#......#
######......#
#..@†'......#
#.####......# #
#......# #......#
###....#
#######.###
#.........### #
##.......#...####
#...####...#.....


There were no monsters in sight!

Vanquished Creatures
  A dart slug (D:1)
  2 ball pythons (D:1)
  A bat (D:1)
  2 endoplasms (D:1)
  2 giant cockroaches (D:1)
  4 goblins (D:1)
  5 hobgoblins (D:1)
  2 jackals (D:1)
  A frilled lizard (D:1)
  2 rats (D:1)
22 creatures vanquished.

Notes
Turn   | Place    | Note
-------+----------+-------------------------------------------
     0 | D:1      | knot the Demonspawn Berserker began the quest for the Orb.
     0 | D:1      | Reached XP level 1. HP: 18/18 MP: 1/1
   194 | D:1      | Gained mutation: You regenerate magic rapidly. [demonic
                  | ancestry]
   194 | D:1      | Reached XP level 2. HP: 23/24 MP: 2/2
   611 | D:1      | Found a faded altar of an unknown god.
   865 | D:1      | Gained mutation: You have sharp toenails. [demonic
                  | ancestry]
   865 | D:1      | Reached XP level 3. HP: 28/29 MP: 3/3
   868 | D:1      | Quit the game

Illustrated notes

Levels and vault maps discovered:
D:1:      lightli_arrival_boilingwater, layout_basic,
          ebering_ecumenical_altar_box

Skill      XL: |  1 |
---------------+----+-----
Axes           | 3 |  3.3
Fighting       | |  3.3
Armour         | |  1.7
Dodging        | |  1.9
Stealth        | |  0.7

Action                   || total
-------------------------++-------
Melee: Hand axe          ||    62
Invok: Berserk           ||     1
 Stab: Sleeping          ||     2
Armor: Animal skin       ||    13
Dodge: Dodged            ||    49
